 Dungeon Crawl Stone Soup version 0.32-a0-818-gb728d0252e (webtiles) character file.

Game seed: 9526688244437731054

15 whatisthis the Apothecary (level 2, -5/13 HPs)
             Began as a Spriggan Alchemist on Mar 23, 2024.
             Killed from afar by Natasha (11 damage)
             ... with a magic dart
             ... on level 2 of the Dungeon.
             The game lasted 00:01:51 (839 turns).

whatisthis the Apothecary (Spriggan Alchemist)       Turns: 839, Time: 00:01:51

Health: -5/13      AC:  2    Str:  4    XL:     2   Next: 34%
Magic:  4/7        EV: 16    Int: 16    God:
Gold:   43         SH:  0    Dex: 15    Spells: 6/7 levels left

rFire   . . .        f - staff of alchemy
rCold   . . .        (shield currently unavailable)
rNeg    . . .        a - +0 robe
rPois   +            (helmet restricted)
rElec   .            (no cloak)
rCorr   .            (gloves unavailable)
SInv    +            (boots unavailable)
Will    .....        (no amulet)
Stlth   ++           (no ring)
HPRegen 0.22/turn    (no ring)
MPRegen 0.10/turn

%: no passive effects
@: very quick
A: very small, no large weapons, unfitting armour, see invisible, speed 3
a: no special abilities


You were on level 2 of the Dungeon.
You visited 1 branch of the dungeon, and saw 2 of its levels.

You collected 43 gold pieces.

Inventory:

Hand Weapons
 c - a +0 dagger
Armour
 a - a +0 robe (worn)
Magical Staves
 f - a staff of alchemy (weapon)
Scrolls
 g - a scroll of fear {unknown}
 i - a scroll of enchant armour {unknown}
 j - a scroll of amnesia {unknown}
 k - a scroll of enchant weapon {unknown}
 l - 2 scrolls of identify {unknown}
Potions
 b - 2 potions of magic
 d - 2 potions of haste {unknown}
 e - a potion of berserk rage {unknown}
 h - a potion of might {unknown}
 m - a potion of curing {unknown}
 n - a potion of lignification {unknown}


   Skills:
 - Level 2.6 Dodging
 + Level 3.5 Stealth
 + Level 3.0 Spellcasting
 + Level 1.0 Conjurations
 + Level 3.5 Alchemy


You had 6 spell levels left.
You knew the following spells:

 Your Spells              Type           Power      Damage    Failure   Level
a - Sting                 Conj/Alch      56%        1d6       8%          1

Your spell library contained the following spells:

 Spells                   Type           Power      Damage    Failure   Level
 Mercury Vapours          Alch/Air       24%        N/A       14%         2
 Ensorcelled Hibernation  Hex/Ice        4%         N/A       28%         2
 Mephitic Cloud           Conj/Alch/Air  10%        N/A       30%         3
 Olgreb's Toxic Radiance  Alch           20%        N/A       41%         4
 Passwall                 Erth           2%         N/A       50%         3
 Swiftness                Air            2%         N/A       50%         3
 Sticky Flame             Fire/Alch      12%        2d5       65%         4


Dungeon Overview and Level Annotations

Branches:
Dungeon (2/15)

Altars:

Annotations:
D:2 Natasha, Robin


Innate Abilities, Weirdness & Mutations

You are very small and have problems with some larger weapons.
You are too small for most types of armour.
You have supernaturally acute eyesight. (SInv)
You cover ground extremely quickly. (Speed+++)


Message History

Robin of the Strong Arm comes into view.
They are wielding a +0 whip.
Aiming: Sting (safe; 8% risk of failure)
Press: ? - help, Q - select action Shift-Dir - straight line, f/p - hobgoblin
Aim: a hobgoblin (severely wounded, very poisoned, 71% to hit)
You feel a surge of power!
The sting hits the hobgoblin.
The hobgoblin looks even sicker.
You kill the hobgoblin!
There is a stone staircase leading up here.
You climb upwards.
There is a stone staircase leading down here.
There is a stone staircase leading down here.
You start resting.
Magic restored.
You climb downwards.
Level annotation: Robin Natasha hisses angrily.
There is a stone staircase leading up here.
Aiming: Sting (safe; 8% risk of failure)
Press: ? - help, Q - select action Shift-Dir - straight line, f - Natasha
Aim: Natasha (64% to hit)
You feel a surge of power!
The sting misses Natasha.
Unknown command.
Aiming: Sting (safe; 8% risk of failure)
Press: ? - help, Q - select action Shift-Dir - straight line, f/p - Natasha
Aim: Natasha (64% to hit)
You feel a surge of power!
The sting hits Natasha.
Natasha is poisoned.
Natasha is lightly wounded.
Natasha casts a spell.
Aiming: Sting (safe; 8% risk of failure)
Press: ? - help, Q - select action Shift-Dir - straight line, f/p - Natasha
Aim: Natasha (lightly wounded, poisoned, 64% to hit)
You feel a surge of power!
The sting hits Natasha.
Natasha looks even sicker.
Natasha is heavily wounded.
Natasha claws you!
Ouch! That really hurt!
Natasha casts a spell at you. The magic dart hits you!
Ouch! That really hurt!
You die...
Natasha begins licking her fur clean.

... ..#
#.# . .
#.##..###
........
##..#..#
.5...
#.h# #@.#
#........
#.#####..
#.# ...
#.# ###


You could see Natasha (very poisoned) and a cerulean imp (summoned).

Vanquished Creatures
  A dart slug (D:1)
  2 ball pythons (D:1)
  2 endoplasms (D:1)
  2 hobgoblins
  2 bats (D:1)
  A kobold (D:1)
  3 rats (D:1)
13 creatures vanquished.

Notes
Turn   | Place    | Note
-------+----------+-------------------------------------------
     0 | D:1      | whatisthis the Spriggan Alchemist began the quest for the
                  | Orb.
     0 | D:1      | Reached XP level 1. HP: 9/9 MP: 5/5
   272 | D:1      | Reached XP level 2. HP: 13/13 MP: 3/6
   327 | D:1      | Reached skill level 1 in Conjurations
   459 | D:1      | Found a faded altar of an unknown god.
   790 | D:2      | Noticed Robin
   835 | D:2      | Noticed Natasha
   839 | D:2      | Killed from afar by Natasha

Illustrated notes

Levels and vault maps discovered:
D:1:      ebering_hopf_link, layout_loops_cross,
          hellmonk_ecumenical_altar_inner_sanctum
D:2:      minmay_door_path, layout_loops_cross, uniq_natasha, uniq_robin

Skill      XL: |  1  2 |
---------------+-------+-----
Spellcasting   | 3 |  3.0
Conjurations   | 1 |  1.0
Dodging        | |  2.6
Stealth        | |  3.5
Alchemy        | |  3.5

Action                     || total
---------------------------++-------
  Melee: Dagger            ||     5
   Cast: Sting             ||    28
 Armour: Robe              ||     4
  Dodge: Dodged            ||     8

Table legend: (Time is in decaauts)
 A = Elapsed time spent in this place.
 B = Non-inter-level travel time spent in this place.
 C = Inter-level travel time spent in this place.
 D = Time resting spent in this place.
 E = Time spent auto-exploring this place.
 F = Levels seen in this place.
 G = Mean time per level.
                   A        B        C        D        E       F      G
               +--------+--------+--------+--------+--------+-----+--------+
         Total |    615 |    598 |     17 |     63 |    411 |   2 |  307.5 |
       Dungeon |    615 |    598 |     17 |     63 |    411 |   2 |  307.5 |
               +--------+--------+--------+--------+--------+-----+--------+

Top non-repeatable levels by time:
     D:1: 595 daAuts
     D:2: 19 daAuts
